 Dungeon Crawl Stone Soup version 0.21-a0-140-g479285b (webtiles) character file.

72 Duffy the Insei (level 4, 0/32 HPs)
             Began as a Demonspawn Transmuter on July 19, 2017.
             Killed from afar by Natasha (9 damage)
             ... with a magic dart
             ... on level 2 of the Dungeon.
             The game lasted 00:01:57 (1851 turns).

Duffy the Insei (Demonspawn Transmuter)             Turns: 1851, Time: 00:01:58

Health: 0/32       AC:  2    Str: 10    XL:     4   Next: 6%
Magic:  4/7        EV: 19    Int: 15    God:
Gold:   126        SH:  0    Dex: 19    Spells: 1/7 levels left

rFire    . . .     SeeInvis .     - Unarmed
rCold    . . .     Gourm    .   (shield currently unavailable)
rNeg     . . .     Faith    .   (armour currently unavailable)
rPois    x         Spirit   .   (helmet currently unavailable)
rElec    .         Reflect  .   (cloak currently unavailable)
rCorr    .         Harm     .   (gloves currently unavailable)
MR       .....                  (boots currently unavailable)
Stlth    ++........             (no amulet)
HPRegen  0.10/turn              (no ring)
MPRegen  0.10/turn              (no ring)

@: spider-form (expiring)
A: no striking features
a: End Transformation


You were on level 2 of the Dungeon.
You were hungry.
You were a venomous arachnid creature.
You visited 1 branch of the dungeon, and saw 2 of its levels.

You collected 126 gold pieces.

Inventory:

Missiles
 a - 39 arrows
Armour
 b - a +0 robe (melded)
Scrolls
 e - 2 scrolls of identify {unknown}
 f - a scroll of enchant armour {unknown}
 h - a scroll of noise {unknown}
Potions
 g - a potion of agility {unknown}
 i - a potion of curing {unknown}
Books
 c - a book of Changes

   Spells                             Type                      Level
   a - Beastly Appendage              Transmutation                1
   b - Sticks to Snakes               Transmutation                2
   c - Spider Form                    Transmutation/Poison         3
   d - Ice Form                       Ice/Transmutation            4
   e - Blade Hands                    Transmutation                5
Comestibles
 d - 2 bread rations


   Skills:
 - Level 1.0 Fighting
 - Level 1.7 Dodging
 + Level 4.1 Unarmed Combat
 - Level 2.0 Spellcasting
 - Level 1.7 Transmutations
 + Level 1.5 Poison Magic


You had one spell level left.
You knew the following spells:

 Your Spells              Type           Power        Failure   Level  Hunger
a - Spider Form           Tmut/Pois      #.........   56%         3    ###....
b - Sticks to Snakes      Tmut           #.......     34%         2    ###....
c - Beastly Appendage     Tmut           #.....       26%         1    #......


Dungeon Overview and Level Annotations

Branches:
Dungeon (2/15)

Altars:
Dithmenos
Yredelemnul

Annotations:
D:2 Natasha


Innate Abilities, Weirdness & Mutations

((You are partially covered in thin metallic scales. (AC +2)))


Message History

You barely miss Natasha. Natasha claws you.
You hit Natasha but do no damage. Natasha claws you.
You are too injured to fight recklessly!
You are too injured to fight recklessly!
You hit Natasha.
Natasha is poisoned.
Natasha is lightly wounded.
Natasha stares at you and mumbles some strange words.
You resist with some effort.
You barely miss Natasha.
Natasha is moderately wounded.
Natasha claws you.
You hit Natasha.
Natasha is moderately wounded.
Natasha casts a spell at you. You resist with some effort.
You hit Natasha.
Natasha looks as sick as possible!
Natasha is severely wounded.
Natasha casts a spell at you. The magic dart hits you!
You die...

#...........#..# #.# #.0##.#.
#...........#..# #.# #.###.#.
#...#.......#..# #.# #.....#.
#...#.......#..####.##########.
####........#.......##.........
#........##.......#.########
#...K..#.########.#.#
#......#.########.#.#
####g#.#..hs......#.#
######g#.############.#
#......S..............#
#.#####..##....######## #####
#..............# #...#
########.......# #.#.#
#.......####### #.#.#
#.......).....# #.#.#
##..#########.# #.#.#


You could see Natasha.

Vanquished Creatures
  Natasha (D:2)
  2 adders (D:2)
  A worm (D:2)
  2 leopard geckos (D:1)
  3 goblins (D:1)
  6 hobgoblins
  2 bats (D:1)
  5 kobolds
  A rat (D:1)
23 creatures vanquished.

Notes
Turn   | Place    | Note
-------+----------+-------------------------------------------
     0 | D:1      | Duffy the Demonspawn Transmuter began the quest for the Orb.
     0 | D:1      | Reached XP level 1. HP: 15/15 MP: 3/3
   107 | D:1      | Reached skill level 3 in Unarmed Combat
   464 | D:1      | Gained mutation: You are partially covered in thin metallic scales. (AC +2) [demonic ancestry]
   464 | D:1      | Reached XP level 2. HP: 9/21 MP: 5/5
  1303 | D:2      | Found a shadowy altar of Dithmenos.
  1344 | D:2      | Reached XP level 3. HP: 22/26 MP: 6/6
  1388 | D:2      | Learned a level 2 spell: Sticks to Snakes
  1392 | D:2      | Learned a level 3 spell: Spider Form
  1635 | D:2      | Noticed Natasha
  1647 | D:2      | Killed Natasha
  1647 | D:2      | Reached skill level 4 in Unarmed Combat
  1647 | D:2      | Reached skill level 1 in Poison Magic
  1804 | D:2      | Found a basalt altar of Yredelemnul.
  1843 | D:2      | Noticed Natasha
  1844 | D:2      | Reached XP level 4. HP: 32/32 MP: 3/7
  1851 | D:2      | Killed from afar by Natasha

Vault maps used:
D:1:      saegor_arrival_simple_f, minmay_split_cup_small
D:2:      grunt_dithmenos_smoke_and_mirrors, nicolae_overflow_hidden_temple,
          nemelex_spade_bored_becter, uniq_natasha

Skill      XL: |  1  2  3 |
---------------+----------+-----
Unarmed Combat | 3 4 |  4.1
Poison Magic   | 1 |  1.5
Fighting       | |  1.0
Dodging        | |  1.7
Spellcasting   | |  2.0
Transmutations | |  1.7

Action                   |  1- 3 |  4- 6 || total
-------------------------+-------+-------++-------
Melee: Unarmed           |    97 |     7 ||   104
 Cast: Spider Form       |     3 |       ||     3
  Eat: Chunk             |     3 |       ||     3
Armor: Robe              |    15 |       ||    15
Dodge: Dodged            |    63 |       ||    63
